 Dungeon Crawl Stone Soup version 0.10.4 character file.

305 Astera the Poker (level 4, -4/36 HPs)
             Began as a Merfolk Fighter on Mar 23, 2020.
             Slain by a gnoll
             ... wielding a +0,+3 halberd of venom
              (10 damage)
             ... on Level 1 of the Dungeon.
             The game lasted 00:07:46 (1505 turns).

Astera the Poker (Merfolk Fighter)                  Turns: 1505, Time: 00:07:46

HP  -4/36        AC  6     Str 17      XL: 4   Next: 40%
MP   3/3         EV  5     Int  7      God:
Gold 224         SH 18     Dex 13      Spells:  0 memorised,  3 levels left

Res.Fire  : . . .   See Invis. : .   a - +0 trident
Res.Cold  : . . .   Warding    : . . b - +0 scale mail
Life Prot.: . . .   Conserve   : .   c - +0 shield
Res.Acid. : . . .   Res.Corr.  : .   (no helmet)
Res.Poison: .       Clarity    : .   (no cloak)
Res.Elec. : .       Spirit.Shd : .   (no gloves)
Sust.Abil.: . .     Stasis     : .   (no boots)
Res.Mut.  : .       Ctrl.Telep.: .   (no amulet)
Res.Rott. : .       Levitation : .   (no ring)
Saprovore : . . .   Ctrl.Flight: .   (no ring)

@: very poisoned, slightly resistant to hostile enchantments, extremely
unstealthy
A: change form in water, swift swim
a: no special abilities


You were on level 1 of the Dungeon.
You were not hungry.

You visited 1 branch of the dungeon, and saw 2 of its levels.

You collected 204 gold pieces.

Inventory:

Hand weapons
 a - a +0,+0 trident (weapon)
Armour
 b - a +0 scale mail (worn)
 c - a +0 shield (worn)
Magical devices
 s - a wand of fireball (6) {unknown}
Comestibles
 d - 3 bread rations
Scrolls
 e - a scroll of fog {unknown}
 f - a scroll of magic mapping {unknown}
 g - a scroll of amnesia {unknown}
 h - 3 scrolls of identify {unknown}
 k - a scroll of curse weapon {unknown}
 l - a scroll of teleportation {unknown}
 p - a scroll of enchant armour {unknown}
Potions
 i - a potion of levitation {unknown}
 j - a potion of agility {unknown}
 o - a potion of curing {unknown}
Books
 q - a book of Death

   Spells                             Type                      Level
   Corpse Rot                         Necromancy                   2
   Sublimation of Blood               Necromancy                   2
   Agony                              Necromancy                   5
   Dispel Undead                      Necromancy                   5
   Excruciating Wounds                Charms/Necromancy            5
   Bolt of Draining                   Conjuration/Necromancy       6


   Skills:
 + Level 3.8 Fighting
 + Level 4.2 Polearms
 + Level 2.9 Armour
 + Level 0.4 Dodging
 + Level 0.3 Stealth
 + Level 3.7 Shields
 + Level 0.2 Traps & Doors


You had 3 spell levels left.
You didn't know any spells.

Dungeon Overview and Level Annotations

Branches:
Dungeon (2/27)

Altars:


Message History

You hit the gnoll but do no damage.
You feel sick.
The gnoll hits you with a halberd of venom.
You are more poisoned.
You feel sick.
The gnoll hits you with a halberd of venom!
* * * LOW HITPOINT WARNING * * *
You are more poisoned.
You climb upwards.
* * * LOW HITPOINT WARNING * * *
You feel very sick.
There is a stone staircase leading down here.
Press: ? - help, v - describe, . - travel
Here: a gnoll, wielding a halberd of venom A floor.
You puncture the gnoll!
The gnoll is severely wounded.
* * * LOW HITPOINT WARNING * * *
You feel sick.
The gnoll hits you with a halberd of venom!
You die...

#########........#############.).
.................................
.########........#############...
.########........# #.............
.................# #.#########.##
.########.##########.# #.# .# #.#
#...#.# #.# .# #.# #.g.#.# #.# .#
#.# #@..#.####### #.# .# #.#
#...........# #.# .# #.#
#...........###.## .#### #.#
###................. ....# #.#
#.............###.## .##.# #.#
#.#.................
.##.#####.####.#...%.......###.##
.............................%...
.##.##.....................###.##


You could see a gnoll.

Vanquished Creatures
  A big kobold skeleton (D:2)
  An adder (D:2)
  A gnoll (D:2)
  A giant gecko (D:1)
  3 hobgoblins (D:1)
  5 bats
  2 giant newts (D:1)
  6 goblins
  5 kobolds
  6 rats
  A plant (D:1)
32 creatures vanquished.

Vanquished Creatures (others)
  2 toadstools (D:1)
2 creatures vanquished.

Grand Total: 34 creatures vanquished

Notes
Turn   | Place    | Note
--------------------------------------------------------------
     0 | D:1      | Astera, the Merfolk Fighter, began the quest for the Orb.
     0 | D:1      | Reached XP level 1. HP: 18/18 MP: 0/0
   389 | D:1      | Reached XP level 2. HP: 24/24 MP: 1/1
   896 | D:2      | Reached skill level 4 in Polearms
   896 | D:2      | Reached XP level 3. HP: 26/30 MP: 2/2
   952 | D:2      | Reached XP level 4. HP: 30/36 MP: 3/3
  1224 | D:2      | HP: 1/36 [poisoned by a gnoll]
  1229 | D:2      | HP: 1/36 [poisoned by a gnoll]
  1242 | D:2      | HP: 1/36 [poisoned by a gnoll]
  1505 | D:1      | Slain by a gnoll
